 Dungeon Crawl Stone Soup version 0.29-a0-418-gc0181ea820 (webtiles) character file.

Game seed: 17012649350366233150

1425 xian the Quickloader (level 8, -7/48 HPs)
             Began as a Tengu Arcane Marksman on May 17, 2022.
             Was an Initiate of Ru.
             Mangled by a troll (11 damage)
             ... on level 6 of the Dungeon.
             The game lasted 00:27:17 (8130 turns).

xian the Quickloader (Tengu Arcane Marksman)        Turns: 8130, Time: 00:27:18

Health: -7/48      AC: 14    Str: 17    XL:     8   Next: 72%
Magic:  10/10      EV: 14    Int: 16    God:    Ru [......]
Gold:   229        SH:  0    Dex: 14    Spells: 8/9 levels left

rFire   . . .      SeeInvis .   a - +0 hand crossbow
rCold   . . .      Faith    .   (no shield)
rNeg    . . .      Spirit   .   s - +5 ring mail "Wul Vom" {Will+}
rPois   .          Reflect  .   (helmet restricted)
rElec   .          Harm     .   (no cloak)
rCorr   .          Rampage  .   w - +2 pair of gloves
Will    +....                   (boots unavailable)
Stlth   +.........              (no amulet)
HPRegen 0.16/turn               p - +6 ring of strength
MPRegen 0.12/turn               (no ring)

@: flying quickly and evasively, quick
A: beak, talons 3, nimble flight
a: Renounce Religion, Sacrifice a Hand, Sacrifice Love, Sacrifice Health, Reject
Sacrifices


You were on level 6 of the Dungeon.
You worshipped Ru.
Ru was noncommittal.
You visited 1 branch of the dungeon, and saw 6 of its levels.

You collected 427 gold pieces.
You spent 198 gold pieces at shops.

Inventory:

Hand Weapons
 a - a +0 hand crossbow (weapon)
 e - a +4 vorpal dire flail
 C - a +0 hunting sling of flaming
Armour
 s - the +5 ring mail "Wul Vom" (worn) {Will+}
   (You found it on level 2 of the Dungeon)

   Will:      It increases your willpower.
 w - a +2 pair of gloves (worn)
Magical Staves
 g - a staff of air
 r - a staff of poison
 A - a staff of cold
Jewellery
 p - a +6 ring of strength (left hand)
 x - an amulet of faith
Wands
 f - a wand of charming (3)
 y - a wand of digging (6)
Scrolls
 c - 2 scrolls of vulnerability
 h - a scroll of fog {unknown}
 i - 2 scrolls of teleportation {unknown}
 m - a scroll of amnesia {unknown}
 o - a scroll of enchant weapon {unknown}
 q - a scroll of magic mapping {unknown}
 z - a scroll of poison
 B - a scroll of summoning {unknown}
Potions
 b - a potion of mutation {unknown}
 d - a potion of haste
 j - a potion of heal wounds {unknown}
 k - 2 potions of lignification
 l - a potion of attraction {unknown}
 n - a potion of ambrosia {unknown}
 t - a potion of flight {unknown}
 u - a potion of berserk rage {unknown}
 v - a potion of degeneration {unknown}


   Skills:
 + Level 3.8 Fighting
 + Level 9.5 Crossbows
 + Level 3.9 Armour
 + Level 3.1 Dodging
 + Level 0.9 Stealth
 + Level 1.0 Spellcasting
 + Level 2.4 Hexes


You had 8 spell levels left.
You knew the following spells:

 Your Spells              Type           Power      Damage    Failure   Level
a - Slow                  Hex            32%        N/A       14%         1

Your spell library contained the following spells:

 Spells                   Type           Power      Damage    Failure   Level
 Shock                    Conj/Air       0%         1d3       36%         1
 Corpse Rot               Necr/Air       0%         N/A       52%         2
 Poisonous Vapours        Pois/Air       0%         N/A       52%         2
 Inner Flame              Hex/Fire       4%         N/A       58%         3
 Portal Projectile        Hex/Tloc       8%         N/A       58%         3
 Swiftness                Air            0%         N/A       75%         3
 Cause Fear               Hex            4%         N/A       82%         4
 Airstrike                Air            0%         N/A       98%         4
 Yara's Violent Unravell  Hex/Tmut       2%         3d3       100%        5
 Maxwell's Capacitive Co  Air            0%         ∞         100%        8


Dungeon Overview and Level Annotations

Branches:
Dungeon (6/15)             Temple (0/1) D:4

Altars:
Ru
Yredelemnul
Zin
The Shining One

Shops:
D:4 *![(


Innate Abilities, Weirdness & Mutations

You have a beak for a mouth.
You have claws for feet.
Your magical nature lets you fly swiftly and evasively.


Message History

You are too injured to fight recklessly!
You are too injured to fight recklessly!
You are too injured to fight recklessly!
Shoot: a) +0 hand crossbow
Press: ? - help, Q - select action, (/) - cycle Shift-Dir - straight line, f/p - troll
Aim: a troll (65% to hit)
You shoot a bolt. The bolt hits the troll.
The troll is lightly wounded.
The orc barely misses you. The troll bites you!
* * * LOW HITPOINT WARNING * * *
The troll claws you but does no damage. x2
Shoot: a) +0 hand crossbow
Press: ? - help, Q - select action, (/) - cycle Shift-Dir - straight line, f/p - troll
Aim: a troll (lightly wounded, 65% to hit)
You shoot a bolt.
The bolt hits the troll but does no damage.
The troll is lightly wounded.
The orc completely misses you. The orc barely misses you.
The troll bites you but does no damage. The troll claws you.
* * * LOW HITPOINT WARNING * * *
The troll closely misses you.
The air fills with toxic fumes!
As you read the scroll labelled KAEFEC FOIFAED, it crumbles to dust.
It was a scroll of poison.
The orc hits you but does no damage. The troll bites you but does no damage.
The troll misses you. The troll claws you.
* * * LOW HITPOINT WARNING * * *
The orc closely misses you.
You are too injured to fight recklessly!
You are too injured to fight recklessly!
You are too injured to fight recklessly!
You are too injured to fight recklessly!
Shoot: a) +0 hand crossbow
Press: ? - help, Q - select action, (/) - cycle Shift-Dir - straight line, f/p - troll
Aim: a troll (lightly wounded, 65% to hit)
You shoot a bolt.
The bolt hits the troll but does no damage.
The troll is lightly wounded.
The troll bites you but does no damage. The troll claws you!
You die...

## #####. ..> .§§§.
... §§§ #.# ### #§##
#.# ..# #§o## #.#
###.# #.#o###.# ...#
#.###T##§########..#
..# ##@§§§§§§§.....#
..# ##§§#######...#
##o #.#§#
#####...### . #.##§#
#.........# . #..
..# #.###...#.# #.#
### #.# #...#.# #.
#.# #...# #
#.########.# #.....
.)........##...#...#


You could see a troll and 2 orcs.

Vanquished Creatures
  Edmund (D:4)
  An orc warrior (D:6)
  An ice beast (D:5)
  A bullfrog (D:5)
  A necrophage (D:5)
  7 wights
  3 hounds
  An orc priest (D:4)
  4 jellies
  3 iguanas (D:5)
  2 orc wizards
  3 gnolls (D:4)
  10 adders
  A shadow imp (D:6)
  A white imp (D:5)
  2 ufetubi
  2 worms
  8 orcs
  16 endoplasms
  4 giant cockroaches
  9 goblins
  8 hobgoblins
  7 jackals
  10 kobolds
  4 quokkas
  7 ball pythons
  2 bats
  7 frilled lizards
  8 rats
134 creatures vanquished.

Vanquished Creatures (others)
  An orc priest (D:5)
  4 fungi (D:2)
  11 toadstools (D:2)
16 creatures vanquished.

Grand Total: 150 creatures vanquished

Notes
Turn   | Place    | Note
-------+----------+-------------------------------------------
     0 | D:1      | xian the Tengu Arcane Marksman began the quest for the Orb.
     0 | D:1      | Reached XP level 1. HP: 12/12 MP: 3/3
     4 | D:1      | Got the Reference Book on Feathers and Transformation
    92 | D:1      | Reached XP level 2. HP: 16/16 MP: 4/4
   349 | D:1      | You fall into a shaft and drop 1 floor!
   393 | D:2      | Reached skill level 3 in Crossbows
   393 | D:2      | Reached XP level 3. HP: 20/20 MP: 5/5
  1533 | D:2      | Reached XP level 4. HP: 25/25 MP: 6/6
  1574 | D:2      | Reached skill level 4 in Crossbows
  1574 | D:2      | Reached skill level 1 in Armour
  1876 | D:1      | HP: 1/25 [frozen (2)]
  2169 | D:2      | Identified the +5 ring mail "Wul Vom" {Will+}
  2452 | D:2      | Gained mutation: Your magical nature lets you fly swiftly
                  | and evasively. [Tengu growth]
  2452 | D:2      | Reached XP level 5. HP: 29/29 MP: 7/7
  2606 | D:3      | Reached skill level 5 in Crossbows
  2985 | D:3      | Found a sacrificial altar of Ru.
  2985 | D:3      | Found a glowing silver altar of Zin.
  2986 | D:3      | Found a glowing golden altar of the Shining One.
  2989 | D:3      | Became a worshipper of Ru the Awakened
  3295 | D:3      | Found a basalt altar of Yredelemnul.
  3897 | D:3      | Reached XP level 6. HP: 35/35 MP: 8/8
  4065 | D:4      | Found a staircase to the Ecumenical Temple.
  4224 | D:4      | Found Uwkuppax's Armour Shoppe.
  4226 | D:4      | Found Visopry's Antique Weapon Boutique.
  4226 | D:4      | Found Ilemott's Distillery.
  4229 | D:4      | Found Raareku's Assorted Antiques.
  4260 | D:4      | Bought a +2 pair of gloves for 198 gold pieces
  4553 | D:4      | Noticed Edmund
  4578 | D:4      | Killed Edmund
  4579 | D:4      | Reached skill level 6 in Crossbows
  5186 | D:5      | Entered Level 5 of the Dungeon
  5194 | D:5      | Noticed an ice beast
  5206 | D:5      | Killed an ice beast
  5207 | D:5      | Reached skill level 7 in Crossbows
  5207 | D:5      | Reached XP level 7. HP: 26/40 MP: 9/9
  6436 | D:5      | Reached skill level 8 in Crossbows
  6651 | D:5      | Reached XP level 8. HP: 36/44 MP: 10/10
  7930 | D:6      | Reached skill level 9 in Crossbows
  8114 | D:6      | Noticed a troll
  8130 | D:6      | Mangled by a troll

Illustrated notes

Levels and vault maps discovered:
D:1:      heliophobic_arrival_enchanted_forest, layout_basic, st_stairs_10
D:2:      cheibrodos_fertilizer, layout_loops_ring, minmay_tromino_v2
D:3:      layout_loops_corners, nicolae_overflow_quartered_altars
D:4:      layout_basic, minmay_temple_entry_tees, kennysheep_doodads,
          nicolae_wooded_promenade, st_stairs_10, uniq_edmund
D:5:      layout_loops_ring
D:6:      layout_loops_ring, st_stairs_4, glass_columns_b

Skill      XL: |  1  2  3  4  5  6  7  8 |
---------------+-------------------------+-----
Crossbows      | 3 4 5 7 8 9 |  9.5
Armour         | 1 2 3 |  3.9
Fighting       | 2 3 |  3.8
Dodging        | 3 |  3.1
Stealth        | |  0.9
Spellcasting   | |  1.0
Hexes          | |  2.4

Action                   |  1- 3 |  4- 6 |  7- 9 || total
-------------------------+-------+-------+-------++-------
 Fire: Hand crossbow     |   105 |   278 |   250 ||   633
 Cast: Slow              |     1 |       |       ||     1
Evoke: Wand              |       |       |     1 ||     1
  Use: Scroll            |     3 |     5 |     3 ||    11
Armor: Robe              |     1 |       |       ||     1
       Ring mail         |    25 |    87 |    63 ||   175
Dodge: Dodged            |    30 |   134 |   136 ||   300

Table legend: (Time is in decaauts)
 A = Elapsed time spent in this place.
 B = Non-inter-level travel time spent in this place.
 C = Inter-level travel time spent in this place.
 D = Time resting spent in this place.
 E = Time spent auto-exploring this place.
 F = Levels seen in this place.
 G = Mean time per level.
                   A        B        C        D        E       F      G
               +--------+--------+--------+--------+--------+-----+--------+
         Total |   8080 |   7893 |    187 |   2170 |   4127 |   6 | 1346.7 |
       Dungeon |   8080 |   7893 |    187 |   2170 |   4127 |   6 | 1346.7 |
               +--------+--------+--------+--------+--------+-----+--------+

Top non-repeatable levels by time:
     D:4: 2604 daAuts
     D:1: 1467 daAuts
     D:3: 1389 daAuts
     D:2: 1152 daAuts
     D:5: 946 daAuts
     D:6: 519 daAuts
